 Dungeon Crawl Stone Soup version 0.21.1-1-g345015f (webtiles) character file.

53 twistedcrescendo the Gusty (level 3, -3/20 HPs)
             Began as a Tengu Air Elementalist on June 18, 2018.
             Slain by Natasha (4 damage)
             ... on level 2 of the Dungeon.
             The game lasted 00:16:56 (1316 turns).

twistedcrescendo the Gusty (Tengu Air Elementalist) Turns: 1316, Time: 00:16:57

Health: -3/20      AC:  2    Str:  8    XL:     3   Next: 89%
Magic:  3/7        EV: 13    Int: 16    God:
Gold:   59         SH:  0    Dex: 14    Spells: 5/6 levels left

rFire    . . .     SeeInvis .   f - +0 whip
rCold    . . .     Gourm    .   (no shield)
rNeg     . . .     Faith    .   a - +0 robe
rPois    .         Spirit   .   (helmet restricted)
rElec    .         Reflect  .   (no cloak)
rCorr    .         Harm     .   (no gloves)
MR       .....                  (boots unavailable)
Stlth    ++........             (no amulet)
HPRegen  0.06/turn              (no ring)
MPRegen  0.10/turn              (no ring)

@: slowed, very slow
A: beak, talons 3
a: no special abilities


You were on level 2 of the Dungeon.
You were not hungry.

You visited 1 branch of the dungeon, and saw 2 of its levels.

You collected 59 gold pieces.

Inventory:

Hand Weapons
 d - a +0 short sword
 f - a +0 whip (weapon)
 m - a +0 spear
Missiles
 k - 3 javelins (quivered)
Armour
 a - a +0 robe (worn)
Scrolls
 e - a scroll of enchant armour {unknown}
 g - a scroll of identify {unknown}
 h - 2 scrolls of fog {unknown}
 n - a scroll of remove curse {unknown}
Potions
 i - a potion of heal wounds {unknown}
 j - a potion of resistance {unknown}
 l - a potion of haste {unknown}
Books
 b - a book of Air

   Spells                             Type                      Level
   a - Shock                          Conjuration/Air              1
   b - Swiftness                      Charms/Air                   2
   c - Static Discharge               Conjuration/Air              3
   d - Airstrike                      Air                          4
   e - Lightning Bolt                 Conjuration/Air              5
Comestibles
 c - 5 rations
 o - a chunk of flesh


   Skills:
 + Level 1.0 Fighting
 + Level 2.3 Dodging
 + Level 2.3 Stealth
 * Level 2.4 Spellcasting
 + Level 2.4 Conjurations
 * Level 4.7 Air Magic


You had 5 spell levels left.
You knew the following spells:

 Your Spells              Type           Power        Failure   Level  Hunger
a - Shock                 Conj/Air       ##..         4%          1    #......


Dungeon Overview and Level Annotations

Branches:
Dungeon (2/15)

Altars:

Annotations:
D:2 Natasha


Innate Abilities, Weirdness & Mutations

You have a beak for a mouth.
You have claws for feet.


Message History

The crimson imp is lightly wounded.
You hear some strange, mumbled words.
Casting: Shock
Confirm with . or Enter, or press ? or * to list all spells.
Aiming: Shock
Press: ? - help, Shift-Dir - straight line, f/p - crimson imp
Aim: a crimson imp (summoned)
The zap hits the crimson imp.
The crimson imp is moderately wounded.
Something claws you! The crimson imp hits you.
* * * LOW HITPOINT WARNING * * *
Something claws you.
* * * LOW HITPOINT WARNING * * *
The white imp closely misses you.
You hear some strange, mumbled words.
The crimson imp hits you.
* * * LOW HITPOINT WARNING * * *
The crimson imp grinds its teeth.
Something claws you.
You die...

# #...## #..#
##.#.#..... #
###..### ##.##
#..#..####. # ##...##
#..###.###.# #
###..## ##.##..# ..
##..## #....## ##.
##..###..### .#
##...#.># ### .
##########.#..###....
#............@....#
<.########.#.{.####
#..#5.# ##..5.#####
###5.....# #..###..#
...# # #.... #.)...


You could see 2 crimson imps and a white imp.

Vanquished Creatures
  2 oozes (D:2)
  A worm (D:2)
  2 dart slugs (D:1)
  A leopard gecko (D:2)
  2 giant cockroaches (D:1)
  6 hobgoblins
  4 jackals (D:1)
  5 kobolds
  4 bats (D:1)
  3 frilled lizards
  5 goblins
  A rat (D:1)
36 creatures vanquished.

Notes
Turn   | Place    | Note
-------+----------+-------------------------------------------
     0 | D:1      | twistedcrescendo the Tengu Air Elementalist began the quest for the Orb.
     0 | D:1      | Reached XP level 1. HP: 10/10 MP: 4/4
   244 | D:1      | Reached XP level 2. HP: 15/15 MP: 3/6
   672 | D:1      | Reached XP level 3. HP: 14/20 MP: 1/7
  1003 | D:2      | Reached skill level 1 in Fighting
  1305 | D:2      | Noticed Natasha
  1314 | D:2      | HP: 1/20 [crimson imp[Natasha] (3)]
  1316 | D:2      | Slain by Natasha

Skill      XL: |  1  2  3 |
---------------+----------+-----
Conjurations   | 2 |  2.4
Fighting       | 1 |  1.0
Dodging        | |  2.3
Stealth        | |  2.3
Spellcasting   | |  2.4
Air Magic      | |  4.7

Action                   || total
-------------------------++-------
Melee: Unarmed           ||     3
       Kick              ||     5
       Peck              ||     1
       Short sword       ||    22
 Cast: Shock             ||    74
  Eat: Chunk             ||     2
Armor: Robe              ||     4
Dodge: Dodged            ||    28
